 Dungeon Crawl Stone Soup version 0.21.1-1-g345015f (webtiles) character file.

436 lotte the Magician (level 6, -4/32 HPs)
             Began as a Deep Elf Wizard on July 2, 2018.
             Was an Initiate of Vehumet.
             Shot with an arrow by a centaur (16 damage)
             ... on level 5 of the Dungeon.
             The game lasted 00:35:57 (6925 turns).

lotte the Magician (Deep Elf Wizard)                Turns: 6925, Time: 00:35:58

Health: -4/32      AC:  5    Str:  4    XL:     6   Next: 68%
Magic:  11/17      EV: 13    Int: 25    God:    Vehumet [......]
Gold:   146        SH:  0    Dex: 13    Spells: 8/17 levels left

rFire    . . .     SeeInvis .   s - +3 flail (holy)
rCold    . . .     Gourm    .   (no shield)
rNeg     . . .     Faith    .   a - +1 robe
rPois    .         Spirit   .   b - +0 hat
rElec    .         Reflect  .   (no cloak)
rCorr    .         Harm     .   m - +0 pair of gloves
MR       .....                  o - +0 pair of boots
Stlth    ++........             (no amulet)
HPRegen  0.10/turn              q - ring of flight
MPRegen  0.15/turn              (no ring)

@: no status effects
A: no striking features
a: Renounce Religion, Evoke Flight


You were on level 5 of the Dungeon.
You worshipped Vehumet.
Vehumet was noncommittal.
You were not hungry.

You visited 2 branches of the dungeon, and saw 6 of its levels.

You collected 146 gold pieces.

Inventory:

Hand Weapons
 s - a +3 flail of holy wrath (weapon)
Armour
 a - a +1 robe (worn)
 b - a +0 hat (worn)
 m - a +0 pair of gloves (worn)
 o - a +0 pair of boots (worn)
 r - a +0 pair of boots
 t - a +1 ring mail of cold resistance
Jewellery
 q - a ring of flight (left hand)
Wands
 u - a wand of flame (6)
Scrolls
 e - a scroll of blinking
 g - 3 scrolls of identify
 i - 2 scrolls of remove curse
 j - 3 scrolls of teleportation
Potions
 k - a potion of invisibility
 l - a potion of curing
 n - 2 potions of lignification
 p - a potion of might
Books
 c - a book of Minor Magic

   Spells                             Type                      Level
   a - Magic Dart                     Conjuration                  1
   b - Blink                          Translocation                2
   c - Call Imp                       Summoning                    2
   d - Slow                           Hexes                        2
   e - Conjure Flame                  Conjuration/Fire             3
   f - Mephitic Cloud                 Conjuration/Poison/Air       3
Comestibles
 d - 10 rations


   Skills:
 + Level 3.0 Dodging
 - Level 2.4 Stealth
 + Level 6.2 Spellcasting
 * Level 4.4 Conjurations
 + Level 3.8 Summonings
   Level 1.1 Translocations
 + Level 2.4 Fire Magic


You had 8 spell levels left.
You knew the following spells:

 Your Spells              Type           Power        Failure   Level  Hunger
a - Magic Dart            Conj           ####         1%          1    None
b - Call Imp              Summ           ####....     2%          2    None
c - Conjure Flame         Conj/Fire      ###.....     5%          3    None
d - Mephitic Cloud        Conj/Pois/Air  ###.....     12%         3    None


Dungeon Overview and Level Annotations

Branches:
Dungeon (5/15)             Temple (1/1) D:4

Altars:
Ashenzari
Cheibriados
Dithmenos
Elyvilon
Gozag
Hepliaklqana
Kikubaaqudgha
Nemelex Xobeh
Okawaru
Qazlal
Ru
Trog
Vehumet
Wu Jian
Xom
Yredelemnul
The Shining One


Message History

The centaur shoots an arrow.
The arrow closely misses your white imp.
The arrow closely misses you.
Casting: Call Imp
Confirm with . or Enter, or press ? or * to list all spells.
A metallic apparition takes form in the air.
The centaur shoots an arrow.
The arrow hits your white imp.
You swap places.
The centaur shoots an arrow.
The arrow hits your iron imp!
The centaur shoots an arrow.
The arrow hits your iron imp.
Your iron imp dies!
Your crimson imp hits the centaur.
The centaur shoots an arrow.
The arrow hits your white imp.
The centaur shoots an arrow.
The arrow barely misses you.
You see here 2 arrows.
The centaur shoots an arrow.
The arrow hits your white imp!
Your white imp dies!
Your crimson imp blinks!
The centaur shoots an arrow.
The arrow hits you!
Ouch! That really hurt!
You die...

##...## #.(........
#....# #c#........
##...#
#####.#........
#...##
##.##(.###......
#....# ##...#(##
###... ##...##
##...#.(# ###
#....###...##(.#
##....##...###..#
###.....##.####.@##
..........## #..#
.######..## #...#
##..# #..## ##..#
... #..#... #(....
#.#.# ##


You could see a centaur.

Vanquished Creatures
  2 crimson imps (D:5)
  An adder (D:2)
  An ooze (D:5)
  2 worms
  3 dart slugs
  2 leopard geckos
  4 orcs
  12 bats
  3 goblins
  5 hobgoblins
  7 jackals (D:1)
  6 kobolds
  A quokka (D:4)
  A ball python (D:1)
  4 frilled lizards
  2 gnoll zombies (D:3)
  8 rats
64 creatures vanquished.

Vanquished Creatures (collateral kills)
  The ghost of diana the Skirmisher, an amateur GrBe of Trog (D:3)
  The ghost of lotte the Firebug, an amateur DEFE (D:4)
  A scorpion (D:4)
  A howler monkey (D:4)
  An orc wizard (D:3)
  Ijyb (D:3)
  Terence (D:2)
  5 worker ants
  5 adders
  A shadow imp (D:5)
  2 worms
  9 orcs
  A giant cockroach (D:4)
  2 ball pythons (D:5)
  A rat (D:2)
  A butterfly (D:4)
34 creatures vanquished.

Grand Total: 98 creatures vanquished

Notes
Turn   | Place    | Note
-------+----------+-------------------------------------------
     0 | D:1      | lotte the Deep Elf Wizard began the quest for the Orb.
     0 | D:1      | Reached XP level 1. HP: 10/10 MP: 7/7
   223 | D:1      | Reached XP level 2. HP: 15/15 MP: 5/9
   436 | D:1      | Reached skill level 5 in Spellcasting
   829 | D:1      | Found a shattered altar of Ashenzari.
   914 | D:1      | Reached XP level 3. HP: 8/19 MP: 1/11
  1095 | D:1      | Learned a level 2 spell: Call Imp
  1099 | D:1      | Learned a level 3 spell: Conjure Flame
  1103 | D:1      | Learned a level 3 spell: Mephitic Cloud
  2312 | D:2      | Noticed Terence
  2415 | D:2      | Killed Terence
  2415 | D:2      | Reached XP level 4. HP: 19/24 MP: 3/13
  2786 | D:3      | Noticed diana's ghost (amateur GrBe)
  3105 | D:3      | Found a snail-covered altar of Cheibriados.
  3935 | D:3      | Reached skill level 1 in Fire Magic
  4017 | D:3      | Killed diana's ghost
  4017 | D:3      | Reached XP level 5. HP: 17/28 MP: 4/15
  4186 | D:3      | Noticed Ijyb
  4322 | D:3      | Killed Ijyb
  4761 | D:3      | Found a basalt altar of Yredelemnul.
  4879 | D:4      | Found a staircase to the Ecumenical Temple.
  4889 | Temple   | Entered the Ecumenical Temple
  4952 | Temple   | Became a worshipper of Vehumet
  5740 | D:4      | Reached XP level 6. HP: 32/32 MP: 10/16
  5752 | D:4      | Noticed lotte's ghost (amateur DEFE)
  5771 | D:4      | Killed lotte's ghost
  5771 | D:4      | Reached skill level 6 in Spellcasting
  6317 | D:5      | Entered Level 5 of the Dungeon
  6925 | D:5      | Shot with an arrow by a centaur

Skill      XL: |  1  2  3  4  5  6 |
---------------+-------------------+-----
Spellcasting   | 5 6 |  6.2
Conjurations   | 2 3 4 |  4.4
Summonings     | 2 3 |  3.8
Fire Magic     | 1 2 |  2.4
Dodging        | 3 |  3.0
Stealth        | |  2.4
Translocations | |  1.1

Action                   |  1- 3 |  4- 6 || total
-------------------------+-------+-------++-------
Melee: Flail             |       |     2 ||     2
 Cast: Magic Dart        |    84 |    89 ||   173
       Call Imp          |    13 |    80 ||    93
       Conjure Flame     |       |     6 ||     6
       Mephitic Cloud    |       |     4 ||     4
  Use: Scroll            |       |     8 ||     8
  Eat: Chunk             |     4 |    14 ||    18
Armor: Robe              |     2 |     5 ||     7
Dodge: Dodged            |    14 |    28 ||    42
